 Dungeon Crawl Stone Soup version 0.30.1 (webtiles) character file.

Game seed: 5871928462509777330

1063 Destapler the Ruffian (level 8, -5/117 (120) HPs)
             Began as a Troll Berserker on July 9, 2023.
             Was a Priest of Trog.
             Slain by a wight
             ... wielding a +4 great sword of freezing
              (8 damage)
             ... on level 6 of the Dungeon.
             The game lasted 00:10:38 (3953 turns).

Destapler the Ruffian (Troll Berserker)             Turns: 3953, Time: 00:10:39

HP:   -5/117 (120)  AC:  7    Str: 28    XL:     8   Next: 6%
MP:   7/7           EV: 10    Int:  3    God:    Trog [***...]
Gold: 204           SH:  0    Dex:  9    Spells: 7/7 levels left

rFire   . .          .
                       - Unarmed
rCold   . . .        (no shield)
rNeg    . . .        a - +0 animal skin
rPois   .            (helmet restricted)
rElec   .            y - +2 cloak
rCorr   +            (gloves unavailable)
SInv    .            (boots unavailable)
Will    +++..        (no amulet) Stlth
                     B - ring of willpower
HPRegen 2.19/turn    w - ring of resist corrosion
MPRegen 0.10/turn

%: no passive effects
@: berserking, strong-willed (expiring), regenerating (expiring), lightly
drained, very quick
A: large, unfitting armour, claws 3, regeneration 1, shaggy fur 1, tough skin 1
a: Renounce Religion, Berserk, Trog's Hand


You were on level 6 of the Dungeon.
You worshipped Trog.
Trog was most pleased with you.
You visited 1 branch of the dungeon, and saw 6 of its levels.

You collected 269 gold pieces.
You spent 65 gold pieces at shops.

Inventory:

Hand Weapons
 x - a +3 vampiric rapier
Missiles
 e - 63 stones (quivered)
 f - 2 boomerangs
 q - a throwing net
 v - 7 poisoned darts
Armour
 a - a +0 animal skin (worn)
 y - a +2 cloak (worn)
Jewellery
 m - a +6 ring of intelligence
 w - a ring of resist corrosion (right claw)
 B - a ring of willpower (left claw)
Wands
 g - a wand of digging (5)
 k - a wand of flame (13)
Scrolls
 i - a scroll of teleportation
 j - a scroll of identify
 o - a scroll of magic mapping {unknown}
 u - 2 scrolls of blinking
Potions
 b - 3 potions of lignification
 c - 4 potions of curing
 d - 2 potions of might
 h - 3 potions of flight
 l - 2 potions of berserk rage
 n - 2 potions of cancellation
 p - 2 potions of heal wounds
 z - 2 potions of mutation {unknown}
 A - 2 potions of attraction {unknown}


   Skills:
 - Level 5.0 Fighting
 + Level 3.6 Short Blades
 - Level 2.0 Throwing
 - Level 4.0 Dodging
 - Level 5.0 Unarmed Combat
 - Level 1.0 Evocations


You had 7 spell levels left.
You didn't know any spells.
Your spell library contained the following spells:

 Spells                   Type           Power      Damage    Failure   Level
 Slow                     Hex            0%         N/A       52%         1
 Ensorcelled Hibernation  Hex/Ice        0%         N/A       67%         2
 Dazzling Flash           Conj/Hex       0%         N/A       88%         3
 Hailstorm                Conj/Ice       0%         3d3       88%         3
 Spider Form              Tmut/Pois      0%         N/A       88%         3
 Summon Guardian Golem    Hex/Summ       0%         N/A       88%         3
 Anguish                  Hex/Necr       0%         N/A       99%         4
 Ice Form                 Ice/Tmut       0%         N/A       99%         4
 Blade Hands              Tmut           0%         N/A       100%        5
 Irradiate                Conj/Tmut      0%         3d11      100%        5
 Metabolic Englaciation   Hex/Ice        0%         N/A       100%        5
 Silence                  Hex/Air        0%         N/A       100%        5
 Simulacrum               Ice/Necr       0%         N/A       100%        6
 Dragon Form              Tmut           0%         N/A       100%        7
 Orb of Destruction       Conj           0%         9d5       100%        7
 Spellforged Servitor     Conj/Summ      0%         N/A       100%        7


Dungeon Overview and Level Annotations

Branches:
Dungeon (6/15)             Temple (0/1) D:4

Altars:
Ashenzari
Cheibriados
Nemelex Xobeh
Qazlal
Zin

Shops:
D:5 *


Innate Abilities, Weirdness & Mutations

You are too large for most types of armour.
You have claws for hands.
Your natural rate of healing is unusually fast.
You are covered in fur. (AC +1)
You have tough skin. (AC +1)


Message History

A red film seems to cover your vision as you go berserk!
You feel yourself moving faster!
You feel mighty!
You feel sick.
You are no longer poisoned.
The kobold brigand hits you with a +0 short sword.
* * * LOW HITPOINT WARNING * * *
The kobold hits you but does no damage.
The wight hits you with a +4 great sword of freezing.
* * * LOW HITPOINT WARNING * * *
The wight freezes you.
* * * LOW HITPOINT WARNING * * *
You closely miss the kobold brigand. Your claw misses the kobold brigand.
The kobold brigand is heavily wounded.
The kobold brigand hits you with a +0 short sword.
* * * LOW HITPOINT WARNING * * *
The kobold hits you with a +0 short sword.
* * * LOW HITPOINT WARNING * * *
The wight barely misses you.
You scratch the kobold brigand.
The kobold brigand is severely wounded.
You mangle the kobold brigand!!
You kill the kobold brigand!
Trog accepts your kill. The kobold barely misses you.
You have reached level 8!
You barely miss the wight. You claw the wight!
The wight is heavily damaged.
You feel the effects of Trog's Hand fading.
The wight hits you with a +4 great sword of freezing!
* * * LOW HITPOINT WARNING * * *
You feel drained.
* * * LOW HITPOINT WARNING * * *
The wight freezes you.
* * * LOW HITPOINT WARNING * * *
The wight barely misses you. The kobold closely misses you.
You are too injured to fight recklessly!
Unknown command.
You barely miss the kobold.
The wight hits you with a +4 great sword of freezing!
You die...

####### # ......#######
.### ......#.....# .....
......#.....######Kz....
................@KKz....
......#.....##..zzKz....
......#.....##.####K....
......########.# .#..
##.#### #.# # . ##.###
#.# ....<# #.# ##.#.#
... ###.#


You could see 5 wights and 5 kobolds.

Vanquished Creatures
  Sigmund (D:5)
  Eustachio (D:4)
  An ogre (D:5)
  A kobold brigand (D:6)
  A scorpion (D:5)
  A howler monkey (D:5)
  A jelly (D:4)
  4 hounds
  An orc priest (D:5)
  Crazy Yiuf (D:4)
  2 iguanas (D:5)
  Natasha (thrice) (D:2)
  An orc wizard (D:4)
  3 adders
  2 ufetubi (D:5)
  3 worms
  4 dart slugs
  9 orcs
  9 bats
  12 endoplasms
  2 giant cockroaches
  6 goblins
  6 hobgoblins
  3 jackals (D:1)
  10 kobolds
  2 quokkas
  9 ball pythons
  A frilled lizard (D:3)
  5 rats
105 creatures vanquished.

Notes
Turn   | Place    | Note
-------+----------+-------------------------------------------
     0 | D:1      | Destapler the Troll Berserker began the quest for the Orb.
     0 | D:1      | Reached XP level 1. HP: 22/22 MP: 0/0
    51 | D:1      | Reached XP level 2. HP: 29/29 MP: 1/1
   391 | D:1      | Reached ** piety under Trog
   395 | D:1      | Reached XP level 3. HP: 36/36 MP: 2/2
   860 | D:2      | Noticed Natasha
   869 | D:2      | Killed Natasha
   870 | D:2      | Reached XP level 4. HP: 39/45 MP: 3/3
  1086 | D:2      | Found a sparkling altar of Nemelex Xobeh.
  1212 | D:2      | Noticed Natasha
  1218 | D:2      | Killed Natasha
  1276 | D:2      | Noticed Natasha
  1283 | D:2      | Killed Natasha
  1284 | D:2      | Reached XP level 5. HP: 44/53 MP: 4/4
  1649 | D:3      | Found a broken altar of Ashenzari.
  1900 | D:3      | Found a stormy altar of Qazlal.
  1910 | D:3      | Got Roller's Essays on Malediction
  1995 | D:3      | Reached *** piety under Trog
  2155 | D:4      | Found a staircase to the Ecumenical Temple.
  2200 | D:4      | Noticed Eustachio
  2209 | D:4      | Killed Eustachio
  2210 | D:4      | Reached XP level 6. HP: 62/62 MP: 5/5
  2314 | D:4      | Reached skill level 5 in Unarmed Combat
  2533 | D:4      | You fall into a shaft and drop 1 floor!
  2533 | D:5      | Entered Level 5 of the Dungeon
  2612 | D:5      | Reached skill level 1 in Throwing
  2629 | D:5      | Reached skill level 1 in Short Blades
  2629 | D:5      | Reached XP level 7. HP: 70/70 MP: 6/6
  2631 | D:5      | Reached skill level 1 in Evocations
  2748 | D:4      | Found a runed translucent door.
  2749 | D:4      | Noticed Crazy Yiuf
  2755 | D:4      | Killed Crazy Yiuf
  3200 | D:4      | Found a snail-covered altar of Cheibriados.
  3302 | D:5      | Found Typnabe's General Store.
  3306 | D:5      | Bought a potion of curing for 39 gold pieces
  3306 | D:5      | Bought a scroll of identify for 26 gold pieces
  3475 | D:5      | Noticed Sigmund
  3490 | D:5      | Killed Sigmund
  3491 | D:5      | Reached skill level 5 in Fighting
  3827 | D:5      | Found a glowing silver altar of Zin.
  3827 | D:5      | Noticed an angel
  3951 | D:6      | Reached XP level 8. HP: 25/80 MP: 7/7
  3952 | D:6      | HP: 1/117 [wight/+4 great sword of freezing (5)]
  3953 | D:6      | Slain by a wight

Illustrated notes

Levels and vault maps discovered:
D:1:      nicolae_arrival_somewhat_less_tricky_arrival, layout_basic
D:2:      layout_loops_cross, basic_altar, serial_park_tiny_1,
          corexii_item_surrounded_by_moat, minmay_misc_feat_ornament,
          minmay_heptomino_w4, uniq_natasha
D:3:      layout_rooms, nicolae_qazlal_scattered_showers,
          cheibrodos_ashenzari_chains, glass_columns_c,
          kennysheep_generic_room_11
D:4:      layout_basic, kennysheep_slug_shrine, minmay_temple_entry_waves,
          serial_curves, eino_curves_04, eino_curves_01, eino_curves_02,
          eino_curves_03, uniq_crazy_yiuf_cottage, uniq_eustachio
D:5:      layout_loops_ring, zin_angel, serial_shops,
          nicolae_shop_back_alley_shop, uniq_sigmund
D:6:      layout_loops_cross, pdpol_wu_jian_five_deadly_venoms,
          chequers_serial_rivers_marsh, kennysheep_generic_room_14, uniq_pikel

Skill      XL: |  1  2  3  4  5  6  7 |
---------------+----------------------+-----
Fighting       | 3 4 5 |  5.0
Dodging        | 3 4 |  4.0
Unarmed Combat | 4 5 |  5.0
Throwing       | 1 2 |  2.0
Short Blades   | 1 3 |  3.6
Evocations     | 1 |  1.0

Action                     |  1- 3 |  4- 6 |  7- 9 || total
---------------------------+-------+-------+-------++-------
  Melee: Unarmed           |    68 |   138 |    60 ||   266
         Punch             |       |     3 |       ||     3
 Invoke: Berserk           |     1 |     4 |     3 ||     8
         Trog's Hand       |     1 |     1 |     1 ||     3
    Use: Scroll            |       |       |    12 ||    12
   Stab: Sleeping          |       |     1 |       ||     1
 Armour: Animal skin       |    32 |    30 |    15 ||    77
  Dodge: Dodged            |    46 |    55 |    23 ||   124
